 Dungeon Crawl Stone Soup version 0.31-a0-853-gc9b61b78f7 (webtiles) character file.

Game seed: 9439519063371580287

2115 BinkBink the Cleaver (level 9, -2/81 HPs)
             Began as a Minotaur Monk on Oct 8, 2023.
             Was a Priest of Qazlal.
             Slain by a +0 spectral quarterstaff (3 damage)
             ... created by Joseph
             ... on level 7 of the Dungeon.
             The game lasted 00:05:20 (4662 turns).

BinkBink the Cleaver (Minotaur Monk)                Turns: 4662, Time: 00:05:20

Health: -2/81      AC:  2    Str: 15    XL:     9   Next: 8%
Magic:  8/8        EV: 16    Int:  7    God:    Qazlal [***...]
Gold:   359        SH:  4    Dex: 18    Spells: 8/8 levels left

rFire   + . .        a - +0 hand axe
rCold   + . .        d - orb {light}
rNeg    . . .        b - +0 robe
rPois   +            (helmet restricted)
rElec   .            v - scarf {rC+ rF+}
rCorr   .            (no gloves)
SInv    .            (no boots)
Will    +....        i - amulet of the acrobat
Stlth   +            f - ring of willpower
HPRegen 0.33/turn    j - ring of poison resistance
MPRegen 0.11/turn

%: acrobat
@: glowing
A: horns 2, retaliatory headbutt
a: Renounce Religion, Upheaval, Elemental Force


You were on level 7 of the Dungeon.
You worshipped Qazlal.
Qazlal was most pleased with you.
You visited 2 branches of the dungeon, and saw 8 of its levels.

You collected 359 gold pieces.

Inventory:

Hand Weapons
 a - a +0 hand axe (weapon)
Missiles
 e - 2 throwing nets
Armour
 b - a +0 robe (worn)
 d - an orb of light (worn)
 v - a scarf of resistance (worn)
Jewellery
 f - a ring of willpower (left hand)
 i - an amulet of the acrobat (around neck)
 j - a ring of poison resistance (right hand)
 u - an amulet of regeneration
Wands
 n - a wand of mindburst (7)
 s - a wand of quicksilver (5)
Scrolls
 l - a scroll of poison {unknown}
 p - a scroll of identify {unknown}
 r - 3 scrolls of fog {unknown}
 t - 3 scrolls of vulnerability {unknown}
 y - a scroll of enchant armour {unknown}
 A - a scroll of blinking {unknown}
 B - a scroll of noise {unknown}
 C - a scroll of amnesia {unknown}
Potions
 c - 2 potions of ambrosia
 g - a potion of lignification {unknown}
 h - 3 potions of enlightenment {unknown}
 k - a potion of resistance {unknown}
 m - a potion of mutation {unknown}
 o - a potion of attraction {unknown}
 q - a potion of invisibility {unknown}
 w - 2 potions of magic {unknown}
 x - a potion of experience {unknown}
 z - a potion of curing {unknown}


   Skills:
 + Level 8.0 Fighting
 * Level 10.7 Axes
 + Level 7.3 Dodging


You had 8 spell levels left.
You didn't know any spells.
Your spell library contained the following spells:

 Spells                   Type           Power      Damage    Failure   Level
 Ensorcelled Hibernation  Hex/Ice        0%         N/A       56%         2
 Passwall                 Tmut/Erth      0%         N/A       56%         2
 Swiftness                Air            0%         N/A       80%         3
 Brom's Barrelling Bould  Conj/Erth      0%         2d3       99%         4
 Fireball                 Conj/Fire      0%         3d3       100%        5
 Iskenderun's Battlesphe  Conj           0%         2d6       100%        5
 Conjure Ball Lightning   Conj/Air       0%         3x3d6     100%        6
 Orb of Destruction       Conj           0%         9d5       100%        7


Dungeon Overview and Level Annotations

Branches:
Dungeon (7/15)             Temple (1/1) D:4

Altars:
Ashenzari
Dithmenos
Elyvilon
Fedhas
Hepliaklqana
Kikubaaqudgha
Makhleb
Nemelex Xobeh
Qazlal
Ru
Vehumet
Wu Jian
Xom
Yredelemnul
Zin

Annotations:
D:7 Joseph


Innate Abilities, Weirdness & Mutations

You have a pair of horns on your head.
You reflexively headbutt those who attack you in melee.


Message History

The howler monkey hits you.
You hit the howler monkey. You headbutt the howler monkey.
You kill the howler monkey!
Qazlal accepts your kill.
You barely miss the howler monkey. The howler monkey closely misses you.
Joseph unwields a +0 spectral quarterstaff.
Joseph wields a +0 sling.
Joseph shoots a sling bullet.
The sling bullet hits you!
A jelly comes into view.
The howler monkey hoots and howls with incredible vigour!
You hear an angry buzzing noise. x3
There is an open door here.
You hear the faint creaking of a portcullis very nearby.
You hit the howler monkey. You headbutt the howler monkey!
The howler monkey is severely wounded.
The howler monkey barely misses you. You furiously retaliate!
You headbutt the howler monkey. You slash the howler monkey!
You kill the howler monkey!
Qazlal accepts your kill.
You hit Joseph but do no damage.
Joseph unwields a +0 sling.
Joseph wields a +0 spectral quarterstaff.
Joseph hits you with a +0 spectral quarterstaff!
The +0 spectral quarterstaff hits you.
A +0 spectral quarterstaff comes into view.
You hit Joseph but do no damage.
You hit the +0 spectral quarterstaff but do no damage.
The +0 spectral quarterstaff hits you!
The +0 spectral quarterstaff misses you.
You hit Joseph but do no damage. You headbutt Joseph.
Joseph is lightly wounded.
You hit the +0 spectral quarterstaff but do no damage.
The +0 spectral quarterstaff hits you!
* * * LOW HITPOINT WARNING * * *
The +0 spectral quarterstaff hits you!
* * * LOW HITPOINT WARNING * * *
Joseph hits you with a +0 spectral quarterstaff!
* * * LOW HITPOINT WARNING * * *
The +0 spectral quarterstaff hits you.
You die...

##### #...##......#.....
#.....##...##......#.....
#.....#[....^......#.....
#.....+............'....#
#..≈≈≈≈..........<.##...#
#....(≈............##...#
#..≈≈≈≈..J.........#....#
#.....###@###......##...#
......#.@(.##......##...#
..... #.○...............#
..... #..|..............#
.... #.................#
.... #....##......##...#
##############....#
#[.### ##...# #....#


You could see Joseph, a +0 spectral quarterstaff and a jelly.

Vanquished Creatures
  Grinder (D:4)
  A water moccasin (D:6)
  2 sky beasts
  An ice beast (D:6)
  6 ogres
  2 centaurs
  A kobold brigand (D:6)
  A bullfrog (D:6)
  2 scorpions
  2 howler monkeys (D:7)
  2 hounds
  3 jellies
  An orc priest (D:3)
  A gnoll bouda (D:5)
  A sleepcap (D:4)
  Natasha (thrice) (D:3)
  An orc wizard (D:4)
  6 gnolls
  6 adders
  2 worms
  3 dart slugs
  15 orcs
  6 ball pythons
  5 bats
  13 endoplasms
  2 giant cockroaches
  5 goblins (D:2)
  5 hobgoblins
  5 jackals
  3 quokkas
  A frilled lizard (D:3)
  15 kobolds
  A rat (D:1)
124 creatures vanquished.

Notes
Turn   | Place    | Note
-------+----------+-------------------------------------------
     0 | D:1      | BinkBink the Minotaur Monk began the quest for the Orb.
     0 | D:1      | Reached XP level 1. HP: 19/19 MP: 0/0
   100 | D:1      | Reached skill level 4 in Axes
   100 | D:1      | Reached XP level 2. HP: 26/27 MP: 1/1
   522 | D:2      | Reached XP level 3. HP: 32/33 MP: 2/2
   773 | D:2      | Reached XP level 4. HP: 39/40 MP: 3/3
   819 | D:2      | Reached skill level 5 in Axes
  1367 | D:3      | Noticed Natasha
  1372 | D:3      | Killed Natasha
  1420 | D:3      | HP: 1/41 [orc priest/divine providence (13)]
  1426 | D:3      | Reached XP level 5. HP: 2/47 MP: 4/4
  1855 | D:3      | Noticed Natasha
  1874 | D:3      | Killed Natasha
  1875 | D:3      | Reached skill level 6 in Axes
  2044 | D:3      | Noticed Natasha
  2050 | D:3      | Killed Natasha
  2051 | D:3      | Reached skill level 5 in Fighting
  2155 | D:4      | Reached XP level 6. HP: 46/56 MP: 5/5
  2208 | D:4      | Noticed Grinder
  2220 | D:4      | Killed Grinder
  2221 | D:4      | Reached skill level 7 in Axes
  2221 | D:4      | Reached skill level 5 in Dodging
  2329 | D:4      | Found a staircase to the Ecumenical Temple.
  2345 | Temple   | Entered the Ecumenical Temple
  2350 | Temple   | Became a worshipper of Qazlal Stormbringer
  2350 | Temple   | Reached * piety under Qazlal
  2350 | Temple   | Reached ** piety under Qazlal
  2374 | D:4      | Found a blossoming altar of Fedhas.
  2522 | D:4      | Reached XP level 7. HP: 47/62 MP: 6/6
  2964 | D:5      | Entered Level 5 of the Dungeon
  2984 | D:5      | Found an ancient bone altar of Kikubaaqudgha.
  3276 | D:5      | Found a radiant altar of Vehumet.
  3281 | D:5      | Reached skill level 8 in Axes
  3848 | D:6      | Reached XP level 8. HP: 71/71 MP: 7/7
  3858 | D:6      | Reached skill level 9 in Axes
  3867 | D:6      | Reached *** piety under Qazlal
  4192 | D:6      | Reached skill level 10 in Axes
  4541 | D:6      | Found a sacrificial altar of Ru.
  4609 | D:7      | Reached XP level 9. HP: 75/81 MP: 8/8
  4648 | D:7      | Noticed Joseph
  4662 | D:7      | HP: 1/81 [Joseph/+0 spectral quarterstaff (12)]
  4662 | D:7      | Slain by a +0 spectral quarterstaff

Illustrated notes

Levels and vault maps discovered:
D:1:      shiori_shiawase, layout_rooms, minmay_ruptured
D:2:      layout_loops_cross
D:3:      layout_basic, kennysheep_generic_room_10, uniq_natasha
D:4:      layout_rooms, fedhas_ov_isle_minmay, minmay_temple_entry_hall,
          serial_forest, infiniplex_forest_clump_small,
          infiniplex_forest_lined_room_2, infiniplex_forest_lined_2,
          infiniplex_forest_clump_double, infiniplex_forest_straight_4,
          infiniplex_forest_clump_small, uniq_grinder
D:5:      layout_basic, mainiacjoe_overflow_concentric_impassable,
          lemuel_doored_altar
D:6:      layout_rooms, nicolae_ru_path_of_blood
D:7:      layout_gridville, enter_bailey_2, chequers_serial_rivers_micro_d,
          uniq_joseph
Temple:   minmay_freezing_vapour_temple

Skill      XL: |  1  2  3  4  5  6  7  8 |
---------------+-------------------------+-----
Axes           | 4 5 6 7 8 10 | 10.7
Fighting       | 4 5 6 8 |  8.0
Dodging        | 4 5 6 7 |  7.3

Action                     |  1- 3 |  4- 6 |  7- 9 || total
---------------------------+-------+-------+-------++-------
  Melee: Hand axe          |    50 |   111 |   171 ||   332
         Headbutt          |    11 |    22 |    47 ||    80
   Stab: Distracted        |       |     1 |       ||     1
 Armour: Robe              |    15 |    39 |    57 ||   111
  Dodge: Dodged            |    34 |    70 |   118 ||   222
  Block: Orb               |       |     1 |    25 ||    26

Table legend: (Time is in decaauts)
 A = Elapsed time spent in this place.
 B = Non-inter-level travel time spent in this place.
 C = Inter-level travel time spent in this place.
 D = Time resting spent in this place.
 E = Time spent auto-exploring this place.
 F = Levels seen in this place.
 G = Mean time per level.
                   A        B        C        D        E       F      G
               +--------+--------+--------+--------+--------+-----+--------+
         Total |   4644 |   4540 |    104 |    365 |   3433 |   8 |  580.5 |
       Dungeon |   4633 |   4536 |     97 |    365 |   3433 |   7 |  661.9 |
        Temple |     10 |      3 |      7 |      0 |      0 |   1 |   10.0 |
               +--------+--------+--------+--------+--------+-----+--------+

Top non-repeatable levels by time:
     D:3: 896 daAuts
     D:5: 874 daAuts
     D:4: 839 daAuts
     D:6: 744 daAuts
     D:2: 703 daAuts
     D:1: 520 daAuts
     D:7: 55 daAuts
  Temple: 10 daAuts
